[Event "EICC 2025"]
[Site "Eforie-Nord"]
[Date "2025.03.17"]
[Round "3.3"]
[White "Vocaturo, Daniele"]
[Black "Culum, Sanjin"]
[Result "0-1"]
[Annotator "TA"]
[ECO "B90"]
[WhiteElo "2600"]
[BlackElo "2437"]
[PlyCount "78"]
[EventDate "2025.03.14"]
[EventType "swiss"]
[EventCountry "ROU"]
[SourceTitle "playchess.com"]
[Source "ChessBase"]
[SourceQuality "1"]
[TimeControl "40/5400+30:1800+30"]

1. e4 c5 2. Nf3 d6 3. d4 cxd4 4. Nxd4 Nf6 5. Nc3 a6 6. Be3 e5 7. Nb3 Be7 8. h3 {[%emt 0:01:45] B90: Sicilian Najdorf: Unusual White 6th moves, 6 Be3 Ng4 and 6 Be3 e5.} Be6 9. Qd2 h5 10. O-O-O {[%emt 0:09:08] White is slightly better.} Nbd7 11. f4 b5 12. f5 (12. Bd3 $14) 12... Bc4 $1 $11 13. Kb1 Qc7 14. Bd3 $146 (14. Bxc4 bxc4 15. Nc1 Qb7 16. Bg5 Rb8 17. b3 a5 18. Rhe1 Qb4 19. Bxf6 Nxf6 20. Nd5 Nxd5 21. Qxd5 {1-0 Kubicka,A (2221)-Hrescak,I (2034) EU-ch U18 Girls 27th 2017 (2)}) 14... b4 15. Ne2 d5 16. exd5 {[%emt 0:06:35] Black has space advantage and is better} (16. g4 $15) 16... Bxd5 $17 17. Ng3 (17. Rhe1 $17) 17... h4 18. Nf1 {[%emt 0:03:13] [#]} a5 $1 19. Bg5 a4 20. Nc1 a3 21. b3 {[%emt 0:07:04] [#]} Bxg2 $1 22. Rg1 {[%emt 0:03:43] White is weak on the dark squares} (22. Qxg2 e4 23. Bxf6 (23. Bxe4 Qe5 $11) 23... Nxf6 $18) (22. Bxf6 gxf6) 22... Bf3 23. Re1 e4 24. Bc4 Nb6 25. Bf4 (25. Nh2 $17) 25... Qc5 26. Rxg7 (26. Qh2 {might work better.}) 26... Nxc4 $19 27. bxc4 Rd8 $40 {[%emt 0:01:23][%mdl 128] Black is out for blood.} (27... Qxf5 28. Rg5 Qd7 (28... Qxh3 29. Bd6 $17) 29. Qh2 $17) (27... Qxc4 28. Be5 $19) 28. Nb3 (28. Qh2) 28... Qxf5 $2 (28... Rxd2 29. Nxc5 Re2 30. Rxe2 Bxe2) 29. Rg5 Qxh3 (29... Rxd2 30. Rxf5 Re2 31. Rxe2 Bxe2 32. Ne3) 30. Nd4 {[%emt 0:00:05] [#]} Ng4 {[%emt 0:02:01] Inhibits Re5.} (30... Rh5 $1 $19 31. Ne3 Rxg5 32. Bxg5 Rxd4 33. Qxd4 Qg3 34. Bxh4 Qxh4) 31. Rd5 $11 Rxd5 32. cxd5 O-O 33. Ne3 (33. Bd6 $1 $11 Bxd6 34. Qg5+ Kh7 35. Nf5) 33... Nxe3 $17 34. Qxe3 {[%emt 0:00:06][%cal Of4d6] Threatens to win with Bd6!.} Bf6 (34... Kh7 $17 {and ...Rg8 should not be overlooked} 35. Nxf3 Qxf3 36. Qxe4+ (36. Qxf3 $2 exf3 37. d6 Bf6 $19) 36... Qxe4 37. Rxe4 Bf6 (37... Bc5 38. Rc4 $17)) 35. Be5 $2 Bxe5 $19 36. Qg5+ Bg7 37. Rg1 {[%emt 0:02:47][%csl Gg1][%cal Rg5g7] [#] Prevents Qg2.} Bg4 $1 38. Nf5 {[%emt 0:00:41][%csl Gf5][%cal Rg5g7] [#]} Qc3 39. Kc1 (39. Qxg7+ Qxg7) 39... Bxf5 {[%emt 0:00:39] Weighted Error Value: White=0.74/Black=0.62  Loses game:     	White=1     	---        Missed win:     	---       	Black=1      Mistake:       	White=7     	Black=2      Inaccurate:     	White=1     	Black=4      OK:         	White=4     	Black=7      Best:        	White=2     	Black=4      Strong:       	---       	Black=2} 0-1

[Event "EICC 2025"]
[Site "Eforie-Nord"]
[Date "2025.03.17"]
[Round "3.3"]
[White "Petkov, Momchil"]
[Black "Dardha, Daniel"]
[Result "1/2-1/2"]
[Annotator "TA"]
[ECO "C50"]
[WhiteElo "2547"]
[BlackElo "2665"]
[PlyCount "47"]
[EventDate "2025.03.14"]
[EventType "swiss"]
[EventCountry "ROU"]
[SourceTitle "playchess.com"]
[Source "ChessBase"]
[SourceQuality "1"]
[TimeControl "40/5400+30:1800+30"]

1. e4 e5 2. Nf3 Nc6 3. Bc4 Bc5 4. Nc3 Nf6 5. d3 h6 6. a3 a6 7. Be3 {[%emt 0:00:31] C50: Hungarian Defence and Giuoco Pianissimo.} d6 8. Bxc5 dxc5 9. Nd5 {[%emt 0:02:29] The position is equal.} Qd6 10. Ne3 b5 11. Ba2 O-O 12. O-O Rd8 $146 (12... Nd4 13. Nd2 Be6 14. c3 Nc6 15. Bxe6 Qxe6 16. Qc2 Rfd8 17. Rfd1 Ne7 18. a4 Ng6 19. axb5 axb5 20. Rxa8 Rxa8 {½-½ Sindarov,J (2674)-Sargsyan,S (2649) CrunchLab Masters Div 3 W rapid 2024 (1.2)}) 13. Nh4 Be6 14. Nhf5 Qd7 15. Bxe6 fxe6 16. Ng3 Kh7 17. Kh1 Rab8 18. Qe1 Qe7 19. a4 Qd6 20. b3 Kh8 21. Kg1 Kh7 22. Kh1 Kh8 23. Kg1 Kh7 $1 24. Kh1 {[%emt 0:00:08] Weighted Error Value: White=0.09 (flawless) /Black=0.07 (flawless)   Mistake:       	White=1     	---        Inaccurate:     	---       	Black=1      OK:         	White=8     	Black=6      Strong:       	---       	Black=1} (24. Qe2 $14) 1/2-1/2

[Event "EICC 2025"]
[Site "Eforie-Nord"]
[Date "2025.03.17"]
[Round "3.4"]
[White "Anton Guijarro, David"]
[Black "Dudin, Gleb"]
[Result "1/2-1/2"]
[Annotator "TA"]
[ECO "A22"]
[WhiteElo "2663"]
[BlackElo "2544"]
[PlyCount "49"]
[EventDate "2025.03.14"]
[EventType "swiss"]
[EventCountry "ROU"]
[SourceTitle "playchess.com"]
[Source "ChessBase"]
[SourceQuality "1"]
[TimeControl "40/5400+30:1800+30"]

1. c4 e5 2. Nc3 Nf6 3. Nf3 e4 4. Ng5 c6 5. Qa4 Qe7 6. Qc2 {[%emt 0:07:59][%cal Rg5e4] A22: English Opening: 1...e5 2 Nc3 Nf6.} b5 7. Ngxe4 (7. e3 $14) 7... Nxe4 $15 8. Qxe4 $146 {[%emt 0:09:23] Black is slightly better.} ({Predecessor:} 8. Nxe4 bxc4 9. b3 d5 10. Ng3 cxb3 11. axb3 h5 12. Bb2 h4 13. Nf5 Qg5 14. Nd4 {1-0 Urazayev,A (2458)-Souleidis,G (2407) Titled Tuesday intern op 29th Nov Late blitz 2022 (6)}) 8... Qxe4 9. Nxe4 bxc4 10. b3 d5 11. Ng3 Na6 12. Bb2 h5 {[%emt 0:15:38] [#]} 13. h4 (13. bxc4 h4 14. Rc1 hxg3 15. fxg3 dxc4 $17 (15... Rb8 $2 16. Be5 $19)) 13... Nb4 14. Kd1 Bg4 15. f3 Be6 16. a3 Na6 {[%emt 0:01:43] [#] Hoping for ...Rb8.} 17. bxc4 dxc4 18. Ne4 f6 19. e3 Rb8 20. Kc2 ({White should play} 20. Bd4 $1 $14) 20... Nc5 $11 21. Nxc5 Bxc5 22. Bc3 {[%emt 0:01:01] White is weak on the light squares} Ke7 23. Be2 Rb3 24. Bb4 (24. Rhb1 $1 $11) 24... Kd6 (24... Bd6 $1 $15) 25. Rhc1 {[%emt 0:09:09] Weighted Error Value: White=0.25 (precise) /Black=0.18 (very precise)   Mistake:       	White=4     	Black=1      Inaccurate:     	White=2     	Black=5      OK:         	White=7     	Black=5      Best:        	White=2     	---} (25. Rhb1 $11) 1/2-1/2

[Event "EICC 2025"]
[Site "Eforie-Nord"]
[Date "2025.03.17"]
[Round "3.4"]
[White "Gumularz, Szymon"]
[Black "Pajeken, Jakob Leon"]
[Result "1/2-1/2"]
[Annotator "TA"]
[ECO "D02"]
[WhiteElo "2591"]
[BlackElo "2427"]
[PlyCount "91"]
[EventDate "2025.03.14"]
[EventType "swiss"]
[EventCountry "ROU"]
[SourceTitle "playchess.com"]
[Source "ChessBase"]
[SourceQuality "1"]
[TimeControl "40/5400+30:1800+30"]

1. d4 Nf6 2. Nf3 e6 3. Bf4 c5 4. e3 Nc6 5. Nbd2 d5 6. c3 h6 {[%emt 0:00:24] 6...cxd4 is a critical line.} 7. Ne5 {[%emt 0:03:00] D02: 1 d4 d5 2 Nf3 sidelines, including 2...Nf6 3 g3 and 2...Nf6 3 Bf4.} Nxe5 8. dxe5 Nd7 9. e4 $146 {[%emt 0:06:03] White has an edge.} (9. Bd3 Be7 10. Qg4 g5 11. Bg3 h5 12. Qf3 h4 13. O-O-O hxg3 14. hxg3 Rxh1 15. Rxh1 Nxe5 {0-1 Nasir,Z (2057)-Estrada Nieto,J (2217) Titled Tuesday intern op 01st Aug Early blitz 2023 (7)}) 9... g5 10. Bg3 Bg7 11. exd5 (11. h4 $14) 11... Nxe5 (11... exd5 $11 12. Nf3 O-O) 12. Bb5+ $14 Bd7 (12... Kf8 $14) 13. Bxe5 $1 $16 Bxe5 14. Qe2 $36 {[%emt 0:00:05][%mdl 2048] Black is under strong pressure.} Bf4 15. Ne4 (15. dxe6 Bxd2+ 16. Kd1 Bxb5 17. Qxb5+ Kf8 $17 (17... Ke7 $2 18. Kc2 $19)) 15... O-O 16. Bxd7 (16. Nxc5 $2 Bxb5 17. Qxb5 Qxd5 $19) 16... exd5 17. Nxc5 Qc7 (17... b6 $16 {was necessary.}) 18. g3 $1 $18 Bd6 {[%emt 0:02:48] [#]} 19. Ne6 fxe6 20. Bxe6+ ({Don't take} 20. Qxe6+ Kg7) 20... Kg7 21. O-O Rae8 {[%emt 0:02:36] [#]} 22. Qg4 $1 Bc5 23. Bxd5 Qe5 24. Bf3 Qf5 25. Kg2 Qxg4 26. Bxg4 Rd8 27. b4 Bb6 28. c4 Rd4 {[%emt 0:03:04] [#]} 29. Be6 a5 30. Rab1 Rd2 31. bxa5 (31. c5 $18 Ba7 32. a3 (32. bxa5 Bxc5 33. Rxb7+ Kg6 $18)) 31... Rdxf2+ 32. Rxf2 Rxf2+ {[%emt 0:00:06][%mdl 4096] Endgame KRB-KRB. White is two pawns up.} 33. Kh3 Bxa5 34. Rxb7+ Kg6 35. Ra7 Bc3 36. Ra3 Bf6 37. Ra7 ({White should try} 37. Bd5 $11) 37... Bc3 $16 38. Ra6 (38. Bd7 $16) 38... h5 $11 39. c5 Bf6 (39... Bd4 $11) 40. g4 $14 h4 41. Bd5 Rd2 42. Rd6 Kg7 $1 {[%emt 0:00:21] ...Be5 is the strong threat.} 43. Rd7+ (43. Bb3 $14 Re2 44. Bd1 Rxa2 45. Rd7+ Kg6 46. Rd5) 43... Kh8 $1 $11 {[%emt 0:01:35] ( -> ...Be5). The position is equal.} 44. c6 {[%emt 0:09:04] and c7 should not be overlooked} Be5 45. Bg2 Rxa2 46. Rd8+ {[%emt 0:04:08] White really could win this.   Weighted Error Value: White=0.15 (very precise) /Black=0.13 (very precise)   Mistake:       	White=5     	Black=4      Inaccurate:     	White=2     	Black=2      OK:         	White=16    	Black=17     Best:        	White=2     	Black=3      Strong:       	White=2     	Black=2} 1/2-1/2

[Event "EICC 2025"]
[Site "Eforie-Nord"]
[Date "2025.03.17"]
[Round "3.5"]
[White "Petrov, Nikita"]
[Black "Sargsyan, Sargis Vach."]
[Result "1-0"]
[Annotator "TA"]
[ECO "C77"]
[WhiteElo "2588"]
[BlackElo "2424"]
[PlyCount "84"]
[EventDate "2025.03.14"]
[EventType "swiss"]
[EventCountry "ROU"]
[SourceTitle "playchess.com"]
[Source "ChessBase"]
[SourceQuality "1"]
[TimeControl "40/5400+30:1800+30"]

1. e4 e5 2. Nf3 Nc6 3. Bb5 a6 4. Ba4 Nf6 5. Nc3 b5 6. Bb3 Bc5 7. Nd5 {[%emt 0:01:16] C77: Ruy Lopez: 3...a6 4 Ba4 Nf6, unusual lines.} O-O 8. d3 h6 9. c3 {[%emt 0:01:03] The position is equal.} Rb8 10. a4 d6 11. axb5 axb5 12. d4 exd4 13. cxd4 Nxd5 14. dxc5 Nf6 15. cxd6 {[%emt 0:01:04] Bf4 is the strong threat.} Nxe4 16. dxc7 (16. Qc2 {is more complex.} Nb4 17. Qxc7 Nd3+ 18. Ke2) 16... Qxc7 17. Qc2 $146 (17. Be3 $11 {is superior.}) (17. O-O Bg4 18. Qc2 Bxf3 19. gxf3 Nf6 20. Bxh6 {1-0 Godena,M (2535)-Naiditsch,A (2639) EU-chT (Men) 16th 2007 (8.1)}) 17... Bf5 $15 18. Nd4 {[%emt 0:01:32] [#]} (18. Be3 $1 $15 Rbc8 19. Qe2) 18... Nxd4 $2 (18... Nxf2 19. Nxf5 (19. Qxf2 Nxd4 20. Qxd4 Rbd8 $15) 19... Nxh1 20. Kf1 $15) (18... Nd2 $1 $19 19. Nxf5 (19. Qxd2 Rfe8+ 20. Kf1 Red8 $17) 19... Rfe8+ 20. Be6 (20. Kxd2 $2 Rbd8+ $19) (20. Ne3 $2 Nxb3 21. Ra3 Nbd4 $17) 20... Rxe6+ 21. Ne3 Nc4) 19. Qxc7 $11 Nxb3 20. Qf4 Bg6 (20... Nxa1 21. Qxf5 Nc2+ 22. Kd1 $16) 21. Ra3 Nd4 22. Kf1 ({White should try} 22. Re3 $1 $14 Nc2+ 23. Ke2) 22... Rbd8 23. g3 (23. f3 Ne6 24. Qe3 Rd1+ 25. Ke2 Rxh1 $17) 23... Nc2 ({Black should try} 23... Nc5 $11) 24. Ra7 (24. Ra6 $14) 24... Ng5 25. h4 Ne6 26. Qe5 Ned4 27. Rc7 {[%emt 0:04:15] Inhibits Nc6.} (27. Qf4 $11) 27... Nf3 {[%emt 0:01:35] A dynamic duo of knights.} (27... Rfe8 $17 28. Re7 Rf8) 28. Qf4 (28. Qxb5 Nce1 (28... Bd3+ 29. Qxd3 Rxd3 30. Rxc2 $11) 29. Rc3 Rd3 $15) (28. Qe2 $1 $11 Bd3 29. Rxc2) 28... Nce1 $36 {[%emt 0:00:53][%cal Rg6d3][%mdl 3072] Black has compensation. Black is pushing.} 29. Rc3 Rd3 (29... Bd3+ 30. Rxd3 Rxd3 31. Be3 $11) (29... Rfe8 $5 30. Qc7 (30. Rxf3 Nxf3 31. Qxf3 Be4 $17) 30... Rd1 31. Rxf3 Nxf3+ 32. Kg2 Rxh1 (32... Ne1+ 33. Kh3 $17) 33. Kxf3 (33. Kxh1 $2 Re1+ 34. Kg2 Be4 $19) 33... Rhe1 $17) 30. h5 Bh7 31. Ke2 (31. Rc7 $11) 31... Re8+ {[%emt 0:00:38] Black has strong rooks and is better} 32. Be3 Rd2+ 33. Kf1 Rxb2 {[%emt 0:01:50] White must now prevent ...b4.} 34. Qg4 {[%emt 0:02:02] [#]} Kh8 $2 (34... Ne5 $1 $17 {[%cal Re5g4] stays on course.} 35. Rc8 Bd3+ 36. Kxe1 Kh7 37. Qxg7+ Kxg7 38. Rxe8 Nf3+ 39. Kd1 Ra2) 35. Qd7 $16 Rg8 (35... Rf8 $16) 36. Bc1 (36. Qxf7 $2 {too greedy.} b4 37. Bxh6 bxc3 38. Bxg7+ Rxg7 $19) 36... Ra2 37. Qxf7 Ra4 (37... Ra1) 38. Ke2 (38. Rxf3 Nxf3 39. Qxf3 Be4 $16) (38. Bxh6 $142 Be4 39. Qe7) 38... Rc4 $2 (38... Ne5 39. Qe6 N1d3) 39. Bb2 (39. Rxf3 Nxf3 40. Rd1 (40. Kxf3 Be4+ 41. Ke2 Rc2+ 42. Bd2 Bxh1 $17) 40... Ne5 $17) (39. Rxc4 $142 Bd3+ 40. Ke3 bxc4 41. Qe7) 39... Rd8 $2 (39... Rb4 $18) 40. Rxc4 {[%emt 0:00:30][%csl Gf7][%cal Rb2g7] White mates.} Rd2+ 41. Ke3 Rd3+ 42. Kf4 Ng2+ {[%emt 0:00:10] Weighted Error Value: White=0.48/Black=0.60  Missed win:     	---       	Black=1      Mistake:       	White=8     	Black=7      Inaccurate:     	---       	Black=1      OK:         	White=14    	Black=13     Best:        	White=2     	Black=4} 1-0

[Event "EICC 2025"]
[Site "Eforie-Nord"]
[Date "2025.03.17"]
[Round "3.5"]
[White "Quparadze, Giga"]
[Black "Navara, David"]
[Result "0-1"]
[Annotator "TA"]
[ECO "B92"]
[WhiteElo "2543"]
[BlackElo "2663"]
[PlyCount "172"]
[EventDate "2025.03.14"]
[EventType "swiss"]
[EventCountry "ROU"]
[SourceTitle "playchess.com"]
[Source "ChessBase"]
[SourceQuality "1"]
[TimeControl "40/5400+30:1800+30"]

1. e4 c5 2. Nf3 d6 3. d4 cxd4 4. Nxd4 Nf6 5. Nc3 a6 6. Be2 e5 7. Nb3 Be7 8. O-O O-O 9. Kh1 Nc6 10. f4 exf4 11. Bxf4 Be6 12. Qe1 Nd7 13. Rd1 {[%emt 0:00:09] B92: Sicilian Najdorf: 6 Be2.} Nde5 14. Qg3 Re8 15. Rd2 $146 {[%emt 0:04:42] The position is equal.} (15. Nd5 Bh4 16. Qc3 Ng6 17. Be3 Bxd5 18. exd5 Nb4 19. Bg4 Nxa2 20. Qd2 Nb4 21. c3 Nxd5 22. Qxd5 Rxe3 23. Rxf7 {½-½ Arenas Vanegas,D (2427)-Bacallao Alonso,Y (2530) Capablanca Memorial op-A 46th 2011 (7)}) 15... Bh4 16. Qe3 Qc7 17. Rfd1 Rad8 18. Nd4 Nxd4 19. Qxd4 Ng4 20. Bxg4 Bxg4 21. Rf1 Bf6 22. Bxd6 {[%emt 0:00:39] Hoping for Rxf6.} Bxd4 {[%emt 0:00:43] A strong pair of Bishops.} 23. Bxc7 Rd7 24. Bg3 (24. Ba5 $11) 24... f6 25. Rb1 Bxc3 26. Rxd7 Bxd7 27. bxc3 $17 {[%emt 0:00:02][%mdl 4096] Endgame KRB-KRB. White is a pawn up.} Bc6 28. e5 fxe5 29. Kg1 Rd8 30. Bxe5 Rd2 $1 31. g4 Rxc2 {[%emt 0:10:01] Black is more active.} 32. a3 Ra2 33. Bd6 Rg2+ 34. Kf1 Rxg4 35. Rb4 Rg6 36. Rd4 h6 37. Bg3 Rg5 38. Ke2 Kf7 39. Kd3 Ke6 40. Kc2 Ra5 41. Kb3 Rf5 42. Rd6+ Kf7 43. Rd4 g5 44. h4 Kg6 45. hxg5 hxg5 46. Bc7 Kh5 47. Rd8 Kg4 48. c4 Kh3 49. Rh8+ Kg2 $1 50. Rg8 Bf3 51. Kb4 g4 52. a4 Rf7 53. Bd6 Rf6 54. Bb8 Re6 55. a5 Re3 56. Rg7 Bd1 57. Rd7 Rb3+ 58. Kc5 Bf3 59. Rg7 Kf2 60. Be5 Ke2 61. Bc7 Re3 62. Kd4 Re4+ 63. Kc3 Re3+ 64. Kd4 $1 Rd3+ 65. Kc5 Kd2 66. Bf4+ Kc3 67. Rg6 {[%emt 0:00:00] [#]} (67. Re7 $17) 67... Rd8 $1 $19 68. Be5+ Kd3 69. Kb4 Re8 70. Rd6+ Ke3 71. Bd4+ Kf4 72. Rf6+ Kg3 73. Rg6 Kg2 74. Bb6 Rc8 {[%emt 0:00:48] Threatens to win with ...Rc6.} ({Inferior is} 74... g3 75. Bc7 $14) 75. Bd4 Be2 76. c5 Bf3 77. Rg7 Re8 78. c6 bxc6 79. Ra7 (79. Bb6 $142) 79... Be2 80. Bb6 Rg8 81. Rd7 g3 82. Rd2 Kf3 83. Rc2 Rg4+ 84. Ka3 Rc4 {[%emt 0:00:32] Wards off Rc3+} (84... Bc4 $19 85. Rc3+ Ke2) 85. Kb3 $2 {[%emt 0:00:00][%mdl 8192] [#]} (85. Rxc4 $17 Bxc4 86. Kb4) 85... Rxc2 $1 86. Kxc2 Kg2 {[%emt 0:00:07] Weighted Error Value: White=0.11 (very precise) /Black=0.05 (flawless)   Loses game:     	White=1     	---        Mistake:       	White=3     	Black=1      Inaccurate:     	White=5     	---        OK:         	White=23    	Black=34     Best:        	White=6     	Black=6      Strong:       	White=1     	Black=2} 0-1

[Event "EICC 2025"]
[Site "Eforie-Nord"]
[Date "2025.03.17"]
[Round "3.6"]
[White "Can, Isik"]
[Black "Gledura, Benjamin"]
[Result "1/2-1/2"]
[Annotator "TA"]
[ECO "B07"]
[WhiteElo "2539"]
[BlackElo "2658"]
[PlyCount "30"]
[EventDate "2025.03.14"]
[EventType "swiss"]
[EventCountry "ROU"]
[SourceTitle "playchess.com"]
[Source "ChessBase"]
[SourceQuality "1"]
[TimeControl "40/5400+30:1800+30"]

1. Nf3 Nf6 2. g3 g6 3. Bg2 Bg7 4. O-O O-O 5. d4 d6 6. Re1 Nbd7 7. e4 e5 8. Nc3 c6 9. a4 Re8 10. h3 Qc7 11. Be3 b6 {[%emt 0:02:10] B07: Pirc Defence: Miscellaneous Systems.} 12. g4 Bb7 13. d5 Nc5 $146 (13... cxd5 14. exd5 a6 15. Qd2 Rac8 16. Ra3 e4 17. Ng5 Ne5 18. Rb3 Nc4 19. Qd1 Nxb2 20. Rxb2 Qxc3 21. Rxb6 {0-1 Zakaryan,D (2335)-Chigaev,M (2521) Chigorin Memorial blitz 23rd 2015 (1)}) 14. Nd2 h6 15. Nf1 a6 {[%emt 0:13:48] A rather calm draw.   Weighted Error Value: White=0.02 (flawless) /Black=0.12 (very precise)   OK:         	White=2     	Black=1} 1/2-1/2

[Event "EICC 2025"]
[Site "Eforie-Nord"]
[Date "2025.03.17"]
[Round "3.6"]
[White "Magold, Filip"]
[Black "Andersen, Mads"]
[Result "1/2-1/2"]
[Annotator "TA"]
[ECO "C89"]
[WhiteElo "2435"]
[BlackElo "2585"]
[PlyCount "64"]
[EventDate "2025.03.14"]
[EventType "swiss"]
[EventCountry "ROU"]
[SourceTitle "playchess.com"]
[Source "ChessBase"]
[SourceQuality "1"]
[TimeControl "40/5400+30:1800+30"]

1. e4 e5 2. Nf3 Nc6 3. Bb5 a6 4. Ba4 Nf6 5. O-O Be7 6. Re1 b5 7. Bb3 O-O 8. c3 d5 9. exd5 Nxd5 10. Nxe5 Nxe5 11. Rxe5 c6 12. Re1 Bd6 13. d3 Qh4 14. g3 Qh3 15. Re4 Nf6 16. Rh4 {[%emt 0:00:06] C89: Closed Ruy Lopez: Marshall Attack.} Qf5 17. Nd2 Ng4 $1 {[%emt 0:00:27][%mdl 4] is more profitable than 17...g5 at the moment.} 18. Nf3 $146 (18. f3 $16 Ne3 19. Qe2) (18. Ne4 Be7 19. f3 Ne5 20. Rf4 Qd7 21. Nf2 c5 22. d4 Ng6 23. Re4 Bb7 24. Re1 cxd4 25. cxd4 {½-½ Bernadskiy,V (2592)-Matlakov,M (2662) Dubai op-A 23rd 2023 (5)}) 18... Be7 $11 {[%emt 0:02:49] [#]} 19. h3 $1 Nxf2 {[%emt 0:01:13] The position is equal.} 20. Kxf2 Bxh4 21. gxh4 Be6 $1 22. Bc2 Bd5 $1 23. Kg3 Rae8 24. Bf4 Qg6+ 25. Ng5 {[%emt 0:00:18] [#] and d4 should not be overlooked} f6 $1 26. h5 Qxg5+ 27. Bxg5 fxg5 28. Bb3 Re3+ 29. Kh2 $1 ({Don't go for} 29. Kg4 $2 h6 $19) 29... Rf2+ 30. Kg1 Ree2 31. Bxd5+ cxd5 32. Qb3 Rg2+ {[%emt 0:00:11] Weighted Error Value: White=0.09 (flawless) /Black=0.05 (flawless)   Mistake:       	White=1     	---        Inaccurate:     	---       	Black=1      OK:         	White=4     	Black=6      Best:        	White=3     	Black=4      Strong:       	White=1     	Black=3} 1/2-1/2

[Event "EICC 2025"]
[Site "Eforie-Nord"]
[Date "2025.03.17"]
[Round "3.7"]
[White "Horvath, Dominik"]
[Black "Yuffa, Daniil"]
[Result "0-1"]
[Annotator "TA"]
[ECO "E11"]
[WhiteElo "2538"]
[BlackElo "2654"]
[PlyCount "138"]
[EventDate "2025.03.14"]
[EventType "swiss"]
[EventCountry "ROU"]
[SourceTitle "playchess.com"]
[Source "ChessBase"]
[SourceQuality "1"]
[TimeControl "40/5400+30:1800+30"]

1. d4 Nf6 2. c4 e6 3. g3 Bb4+ 4. Bd2 a5 5. Nf3 d6 6. Bg2 Nbd7 7. Bxb4 {[%emt 0:28:04] E11: Bogo-Indian.} axb4 8. Qb3 c5 9. dxc5 {[%emt 0:00:08] The position is equal.} dxc5 $146 (9... Nxc5 10. Qxb4 Ra4 11. Qc3 Nfe4 12. Qc2 b5 13. cxb5 Qa5+ 14. Nfd2 O-O 15. b3 Rb4 16. Nxe4 Nxe4 {1-0 Juhasz,B (2205)-Ksieski,Z (2340) Budapest Utasellato IM 1988 (6)}) 10. O-O O-O 11. Nbd2 Qc7 12. a3 bxa3 13. Rxa3 Rxa3 14. Qxa3 b6 15. Nb1 Bb7 16. Nc3 Bc6 17. Qb3 h6 {[%emt 0:01:23] The position is symmetric and equal} 18. Ra1 Rd8 19. Nb5 Bxb5 20. Qxb5 Ne4 21. Qb3 f5 22. Ne1 Ndf6 23. Nd3 Kh7 24. Ra6 Rb8 25. Qa3 Qd6 26. b3 Qd4 27. Qa1 Nc3 {[%emt 0:04:56] A dynamic duo of knights.} 28. Bf1 Nfe4 (28... Ng4 $11 {feels stronger.}) 29. e3 Qf6 30. Qb2 Rb7 (30... Ng5 $11) 31. b4 (31. f3 $14 Nd1 32. Qe2 (32. Qxf6 Nxf6 33. e4 fxe4 $14)) 31... cxb4 $11 32. Qxb4 Nd2 $1 33. Ra3 Nce4 34. Bg2 (34. Be2 {simplifies} Qe7 35. Qxe7 Rxe7 36. Ne5) 34... Rd7 35. Nf4 (35. Qxb6 $2 Rxd3 36. Qb4 f4 $19) 35... g5 36. Qb5 $1 Qe7 37. Rd3 (37. Ne2 $15) 37... Ra7 $17 {[%emt 0:00:33] ( -> ...Ra1+)} 38. Bxe4 Nxe4 39. Ne2 Ra1+ {[%emt 0:01:18] Black attacks} 40. Kg2 Nc5 {[%emt 0:00:29] Against Rd7} 41. Rd2 Qb7+ 42. f3 g4 43. Ng1 (43. Nd4 $2 e5 44. Qc6 gxf3+ (44... exd4 $2 45. Qxb7+ Nxb7 46. exd4 $19) 45. Kxf3 exd4 $19) 43... Ra3 44. Re2 Nd3 45. e4 $2 (45. Rd2 $17) 45... Nc5 $2 (45... gxf3+ $1 $19 46. Nxf3 Qg7 (46... fxe4 47. Ne5 $17)) 46. Qb2 Rd3 47. Qb1 Kg8 48. h3 fxe4 49. fxg4 Qc7 ({Black should play} 49... Na4 $17 50. Qc1 e3+ 51. Kh2 Qe4) 50. Qe1 $11 Qd6 51. Ra2 (51. Qf2 $11) 51... e3 $17 {[%emt 0:01:28] Black is more active.} 52. Ra8+ Kh7 53. Ra7+ {[%emt 0:00:04] [#]} Kg6 (53... Nd7 $1 $17 {And now ...Rd2+ would win.} 54. Nf3 e5) 54. Nf3 $11 {[%emt 0:00:05] Repels Rd2+} Rd2+ 55. Nxd2 $16 exd2 {[%emt 0:00:10][%mdl 4096] Endgame [#] KQR-KQN} 56. Qf1 ({Better is} 56. Qb1+ $1 $16 Nd3 57. Kf3) 56... Nd7 $1 $36 {[%emt 0:00:22][%mdl 2048] White is under pressure.} ({And not} 56... d1=Q 57. Qf7+ Kg5 58. Qg7#) 57. Ra1 Ne5 58. Qe2 {[%emt 0:01:34] Qe4+ would now be deadly.} Qc6+ 59. Kg1 Nxc4 60. Qd3+ Kf6 61. Rf1+ Ke5 62. Qc3+ (62. Kf2 $11 {remains equal.}) 62... Kd6 $17 {[%emt 0:00:35] The board is on fire.} 63. h4 (63. Kf2 $142) 63... Qe4 $19 64. Qf6 $2 (64. Rd1 Qe2 (64... Qxg4 65. Rxd2+ Nxd2 66. Qxd2+ Kc5 67. Kg2 $11) 65. Qb3) 64... Qxg4 65. Qd8+ Kc5 66. Qf8+ Nd6 67. Qf2+ Qd4 68. Kg2 Nf5 {[%emt 0:00:25] ( -> ...Ne3+)} 69. Qxd4+ (69. Rb1 $19) 69... Kxd4 {[%emt 0:00:08] Weighted Error Value: White=0.23 (precise) /Black=0.20 (precise)   Loses game:     	White=1     	---        Missed win:     	---       	Black=1      Mistake:       	White=8     	Black=5      Inaccurate:     	White=2     	Black=2      OK:         	White=15    	Black=21     Best:        	White=9     	Black=10     Strong:       	White=1     	Black=2} 0-1